 Dungeon Crawl Stone Soup version 0.30.1-3-gfc49f6343a (webtiles) character file.

Game seed: 10996122398150971020

65 Anandil the Trooper (level 3, 0/29 HPs)
             Began as a Demonspawn Fighter on Aug 1, 2023.
             Slain by a gnoll
             ... wielding a +0 whip
              (3 damage)
             ... on level 2 of the Dungeon.
             The game lasted 00:02:52 (1278 turns).

Anandil the Trooper (Demonspawn Fighter)            Turns: 1278, Time: 00:02:53

Health: 0/29       AC: 10    Str: 18    XL:     3   Next: 94%
Magic:  3/3        EV:  9    Int:  9    God:
Gold:   59         SH:  4    Dex: 12    Spells: 2/2 levels left

rFire   + . .        a - +0 trident
rCold   + . .        c - +0 buckler
rNeg    . . .        b - +0 scale mail
rPois   +            (no helmet)
rElec   +            (no cloak)
rCorr   +            g - +0 pair of gloves
SInv    .            (no boots)
Will    .....        (no amulet) Stlth
                     (no ring)
HPRegen 0.24/turn    (no ring)
MPRegen 0.08/turn

%: no passive effects
@: resistant, attractive
A: molten scales 1, ignite blood 1
a: no special abilities


You were on level 2 of the Dungeon.
You visited 1 branch of the dungeon, and saw 2 of its levels.

You collected 59 gold pieces.

Inventory:

Hand Weapons
 a - a +0 trident (weapon)
Armour
 b - a +0 scale mail (worn)
 c - a +0 buckler (worn)
 g - a +0 pair of gloves (worn)
 n - a +0 plate armour
Jewellery
 i - a ring of magical power
Scrolls
 f - 2 scrolls of vulnerability {unknown}
 h - a scroll of brand weapon {unknown}
 k - a scroll of teleportation {unknown}
 o - a scroll of enchant weapon {unknown}
Potions
 d - 2 potions of might
 l - a potion of curing {unknown}
 m - a potion of magic


   Skills:
 + Level 3.5 Fighting
 + Level 2.4 Polearms
 + Level 3.2 Armour
 + Level 3.2 Shields


You had 2 spell levels left.
You didn't know any spells.
Your spell library was empty.

Dungeon Overview and Level Annotations

Branches:
Dungeon (2/15)

Altars:


Innate Abilities, Weirdness & Mutations

You are partially covered in molten scales. (AC +2)
Your demonic aura sometimes causes spilled blood to erupt in flames.


Message History

The gnoll closely misses you.
You reach to attack!
You hit the gnoll.
The gnoll is almost dead.
The gnoll hits you but does no damage.
You reach to attack!
You hit the gnoll but do no damage.
The gnoll is almost dead.
The gnoll hits you from afar with a +0 spear. x2
You reach to attack!
You hit the gnoll.
You kill the gnoll!
You reach to attack!
You closely miss the gnoll. You barely miss the gnoll.
The gnoll hits you with a +0 whip.
You are too injured to fight recklessly!
You are too injured to fight recklessly!
You are too injured to fight recklessly!
You are too injured to fight recklessly!
You are too injured to fight recklessly!
You are too injured to fight recklessly!
You closely miss the gnoll. The gnoll hits you but does no damage.
You barely miss the gnoll. The gnoll barely misses you.
You closely miss the gnoll. The gnoll hits you with a +0 whip.
* * * LOW HITPOINT WARNING * * *
The gnoll hits you but does no damage.
You hit the gnoll.
The gnoll is moderately wounded.
The gnoll barely misses you.
You hit the gnoll.
The gnoll is severely wounded.
The gnoll hits you with a +0 whip!
* * * LOW HITPOINT WARNING * * *
You hit the gnoll.
The gnoll is severely wounded.
The gnoll misses you. The gnoll attacks as you move away!
The gnoll barely misses you.
It was a potion of resistance.
You feel protected.
It was a potion of attraction.
You feel attractive to monsters.
It was a potion of magic.
Magic courses through your body. The gnoll hits you with a +0 whip.
You die...

#....# #....# #....#
####.# #)# #)# #)#
.#####....# #g#
..........# #@# ..........
####.#### .........
#.......# ........
#.......###### .......#
#............#
.....†.######.......####|#
......†....##.......# #.#
.......###.##.......# #.#
.......# #.#####.#### #.#


You could see a gnoll.

Vanquished Creatures
  An adder (D:2)
  3 gnolls (D:2)
  2 ball pythons (D:1)
  7 bats
  An endoplasm (D:2)
  A giant cockroach (D:1)
  2 hobgoblins
  A quokka (D:1)
  3 goblins
  4 kobolds (D:1)
  8 rats
33 creatures vanquished.

Notes
Turn   | Place    | Note
-------+----------+-------------------------------------------
     0 | D:1      | Anandil the Demonspawn Fighter began the quest for the Orb.
     0 | D:1      | Reached XP level 1. HP: 18/18 MP: 1/1
   343 | D:1      | Gained mutation: You are partially covered in molten
                  | scales. (AC +2) [demonic ancestry]
   343 | D:1      | Reached XP level 2. HP: 24/24 MP: 2/2
  1122 | D:2      | Gained mutation: Your demonic aura sometimes causes spilled
                  | blood to erupt in flames. [demonic ancestry]
  1122 | D:2      | Reached XP level 3. HP: 19/29 MP: 3/3
  1272 | D:2      | HP: 1/29 [gnoll/+0 whip (8)]
  1278 | D:2      | Slain by a gnoll

Illustrated notes

Levels and vault maps discovered:
D:1:      matt_arrival_los_fun, layout_basic, minmay_misc_feat_chi,
          minmay_split_cup_large
D:2:      layout_basic

Skill      XL: |  1  2 |
---------------+-------+-----
Polearms       | 2 |  2.4
Shields        | 3 |  3.2
Armour         | 3 |  3.2
Fighting       | |  3.5

Action                     || total
---------------------------++-------
  Melee: Trident           ||   130
    Use: Potion            ||     3
 Armour: Scale mail        ||    61
  Dodge: Dodged            ||    48
  Block: Buckler           ||    35
